 Dungeon Crawl Stone Soup version 0.26-a0-651-gb41185065b (webtiles) character file.

Game seed: 2119622305626415587

161630 Flugslaktarn the Severer (level 16, -4/160 HPs)
             Began as a Deep Dwarf Fighter on Oct 9, 2020.
             Was the Champion of Makhleb.
             Killed from afar by Nikola (18 damage)
             ... with a chain lightning
             ... on level 2 of the Depths.
             The game lasted 00:12:07 (15284 turns).

Flugslaktarn the Severer (Deep Dwarf Fighter)      Turns: 15284, Time: 00:12:08

Health: -4/160     AC: 28    Str: 26    XL:     16   Next: 60%
Magic:  12/12      EV: 17    Int: 11    God:    Makhleb [******]
Gold:   1558       SH: 18    Dex: 20    Spells: 15/15 levels left

rFire    . . .     SeeInvis +   o - +6 broad axe of the Sky {elec, Str+3 Int+3}
rCold    + . .     Faith    .   c - +0 kite shield
rNeg     + . .     Spirit   .   Q - +0 plate armour
rPois    +         Reflect  +   k - +2 helmet
rElec    .         Harm     .   N - +2 cloak {rPois}
rCorr    .         Rampage  .   M - +2 pair of gloves {Dex+3}
MR       ++...                  O - +0 pair of boots of True Grit {rC+}
Stlth    ..........             z - amulet of reflection
HPRegen  0.00/turn              v - +4 ring of evasion
MPRegen  0.13/turn              i - ring of see invisible

@: non-regenerating, slowed, very slow
A: damage resistance, heal wounds, negative energy resistance 1, sense
surroundings 2, no regeneration
}: 2/15 runes: decaying, serpentine
a: Heal Wounds, Minor Destruction, Lesser Servant of Makhleb, Major Destruction,
Greater Servant of Makhleb, Renounce Religion


You were on level 2 of the Depths.
You worshipped Makhleb.
Makhleb was exalted by your worship.
You visited 6 branches of the dungeon, and saw 29 of its levels.
You also visited: Gauntlet.

You collected 1558 gold pieces.

Inventory:

Hand Weapons
 a - a +1 war axe of electrocution
 o - the +6 broad axe of the Sky (weapon) {elec, Str+3 Int+3}
   (You acquired it on level 9 of the Dungeon)

   Occasionally, upon striking a foe, it will discharge some electrical energy
   and cause terrible harm.
   It affects your strength (+3).
   It affects your intelligence (+3).
Missiles
 G - a throwing net (quivered)
Armour
 c - a +0 kite shield (worn)
 k - a +2 helmet (worn)
   (You found it on level 4 of the Dungeon)
 p - a +1 pair of boots
   (You found it on level 11 of the Dungeon)
 M - a +2 pair of gloves of dexterity (worn)
   (You found it in a Gauntlet)
 N - a +2 cloak of poison resistance (worn)
   (You found it in a Gauntlet)
 O - the +0 pair of boots of True Grit (worn) {rC+}
   (You found it in a Gauntlet)

   It protects you from cold.
 Q - a +0 plate armour (worn)
   (You found it on level 4 of the Dungeon)
Jewellery
 i - a ring of see invisible (right hand)
   (You found it on level 10 of the Dungeon)
 m - an uncursed ring of protection from magic
   (You found it on level 5 of the Dungeon)
 v - a +4 ring of evasion (left hand)
   (You found it on level 13 of the Dungeon)
 z - an amulet of reflection (around neck)
   (You found it on level 11 of the Dungeon)
Wands
 e - a wand of enslavement (31)
   (You found it on level 9 of the Dungeon)
 g - a wand of digging (9)
   (You found it on level 3 of the Snake Pit)
 q - a wand of iceblast (14)
   (You found it on level 5 of the Dungeon)
 y - a wand of acid (4)
   (You found it on level 9 of the Dungeon)
 I - a wand of paralysis (8)
   (You found it on level 9 of the Dungeon)
Scrolls
 b - 7 scrolls of enchant weapon
 f - 3 scrolls of immolation
 l - 8 scrolls of magic mapping
 r - 11 scrolls of identify
 s - a scroll of holy word {unknown}
 t - 7 scrolls of teleportation
 x - 9 scrolls of remove curse
 A - a scroll of silence
 D - a scroll of summoning
 F - 2 scrolls of brand weapon
 H - 2 scrolls of fear
 L - a scroll of fog
 R - 4 scrolls of enchant armour
Potions
 d - 5 potions of might
 h - 4 potions of haste
 j - 8 potions of lignification
 n - 4 potions of resistance
 u - 2 potions of flight
 w - 2 potions of heal wounds
 B - 4 potions of invisibility
 E - 2 potions of ambrosia
 J - 5 potions of curing
 K - 2 potions of mutation
 P - 2 potions of stabbing {unknown}
Miscellaneous
 C - a tin of tremorstones (2/3)
   (You found it on level 15 of the Dungeon)


   Skills:
 * Level 14.5 Fighting
 * Level 16.8 Axes
 + Level 12.6 Armour
 + Level 10.1 Dodging
 + Level 10.0 Shields
 + Level 11.7 Invocations
 - Level 11.0 Evocations


You had 15 spell levels left.
You didn't know any spells.
Your spell library was empty.

Dungeon Overview and Level Annotations

Branches:
Dungeon (15/15)            Temple (1/1) D:7            Lair (3/6) D:9
  Swamp (4/4) Lair:3        Snake (4/4) Lair:2          Orc (0/2) D:9
 Vaults (0/5) D:14         Depths (2/5) D:15        Gauntlet (visited)

Altars:
Ashenzari
Cheibriados
Dithmenos
Elyvilon
Fedhas
Gozag
Hepliaklqana
Makhleb
Nemelex Xobeh
Okawaru
Qazlal
Ru
Sif Muna
Trog
Uskayaw
Vehumet
Wu Jian
Xom
Yredelemnul
Zin
The Shining One
Lugonu

Shops:
D:11 *   D:13 =   D:15 :   Snake:3 ?   Depths:1 *

Portals:
Trove: D:15 (give +4 demon blade)

Annotations:
D:2 exclusion: 3 doors
D:8 exclusion: orange crystal statue
D:10 2 transporters
Snake:3 Roxanne
Depths:2 Nikola


Innate Abilities, Weirdness & Mutations

You are resistant to damage.
You can heal yourself by infusing magical energy.
You resist negative energy. (rN+)
You passively map the area around you.
You do not regenerate.


Message History

Nikola gestures at you while chanting. The zap hits you but does no damage.
The zap hits you. Nikola casts a spell at you.
The bolt of lightning hits you!!! The bolt of lightning hits you!!
You hit Nikola. Lightning courses through Nikola!
Nikola is lightly wounded.
Nikola says, "There's a spark of magic in your eyes."
Nikola hits you with a +2 rapier of electrocution!
* * * LOW HITPOINT WARNING * * *
You feel much better.
Nikola casts a spell.
Nikola blinks!
Nikola casts a spell.
You hear a mighty clap of thunder!
The lightning arc hits you!!!
* * * LOW HITPOINT WARNING * * *
The lightning arc hits Nikola.
The lightning arc hits you!!
* * * LOW HITPOINT WARNING * * *
The lightning arc hits Nikola!
The lightning arc hits you!!
You die...

* ...#* ** *^ * * , ,
...# #### , , ...,
..#*, , +* ,
.###.##..# , , * ,
......##.# , + *
*,#####...#.#* , , ,
, #....#....## **
#.#.#.#.#..##########
#...@.#.#............
,
#.#.#.#.#.....#...#..
,
#@...#.....#...#...#
..#####.#.....#...#..
**, #..
...#...........# ## *
#.###..#.##.....# *
,, , ,..,
...#######... *, ,
,####* #### * * ** **
#


You could see Nikola.

Vanquished Creatures
  2 thorn hunters (Swamp:4)
  Kirke (D:13)
  A fire giant (Depths:1)
  4 nagarajas
  5 very ugly things (Depths:2)
  Azrael (D:13)
  Nessos (D:14)
  A minotaur (Gauntlet)
  2 naga warriors (Snake:4)
  2 centaur warriors (D:13)
  15 hydras
  2 shambling mangroves (Swamp:4)
  2 ogre magi
  3 anacondas
  8 two-headed ogres
  4 alligators
  A death scarab (Gauntlet)
  7 naga sharpshooters
  A shock serpent (Snake:3)
  4 tengu warriors
  Urug (D:13)
  4 salamander mystics
  A spriggan druid (Swamp:4)
  A naga ritualist (Snake:4)
  An unseen horror (D:15)
  6 swamp dragons
  A lindwurm (D:14)
  3 orc knights (D:15)
  Pikel (D:6)
  A necromancer (D:15)
  2 wizards
  2 deep elf magi
  An orc sorcerer (D:15)
  14 ugly things
  A mana viper (Snake:2)
  A manticore (D:13)
  4 elephants (Lair:2)
  4 cyclopes
  8 salamanders
  4 centaur zombies
  16 naga magi
  20 black mambas
  Joseph (D:10)
  A guardian serpent (Snake:4)
  Psyche (D:11)
  A water nymph (shapeshifter) (Depths:1)
  5 cane toads
  5 gargoyles
  3 rime drakes
  2 freezing wraiths
  A komodo dragon (Lair:1)
  2 tengu conjurers (D:15)
  9 trolls
  Prince Ribbit (D:7)
  6 hornets
  A raiju (Gauntlet)
  15 slime creatures
  2 tyrant leeches
  2 spriggans (Swamp:3)
  9 hippogriffs
  2 shadows
  A centaur simulacrum (D:15)
  A wraith (D:13)
  21 yaks
  2 tarantellas (shapeshifter)
  3 wyverns
  A spectral komodo dragon (Gauntlet)
  6 hogs (D:13)
  A yak (shapeshifter) (D:14)
  3 fire elementals (D:13)
  8 vampire mosquitoes
  3 basilisks
  2 chaos spawn (Gauntlet)
  2 steam dragons
  Grum (D:8)
  A neqoxec (Gauntlet)
  2 two-headed ogre zombies (D:9)
  A soldier ant (shapeshifter) (Depths:1)
  3 swamp worms
  40 nagas
  5 water moccasins
  2 soldier ants
  5 porcupines
  A hell hound (D:13)
  12 orc warriors
  8 swamp drakes
  3 ice beasts
  3 sky beasts
  3 necrophages
  A black bear (D:11)
  3 phantoms
  9 ogres
  10 wolves
  13 centaurs
  5 crocodiles
  A lemure (D:7)
  A big kobold (D:10)
  16 bullfrogs
  A water moccasin skeleton (D:12)
  A scorpion (D:14)
  3 troll zombies (D:9)
  5 killer bees (D:12)
  15 wights
  An electric eel (Lair:2)
  A crimson imp (D:9)
  2 quasits
  4 bullfrog zombies
  A bullfrog skeleton (D:13)
  7 hounds
  11 orc wizards
  3 jellies
  6 centaur skeletons
  7 orc priests
  3 iguanas
  A lightning spire (Gauntlet)
  9 worker ants
  3 ogre zombies (D:9)
  A howler monkey zombie (D:6)
  A worker ant zombie (D:6)
  4 gnolls (D:4)
  15 adders
  2 shadow imps
  2 white imps
  3 oozes
  2 adder skeletons
  2 leopard geckos
  59 orcs
  2 bats (D:2)
  A bat zombie (D:2)
  9 giant cockroaches
  5 hobgoblins
  9 jackals
  8 kobolds
  8 quokkas
  2 frilled lizards (D:2)
  5 goblins
  A goblin skeleton (D:9)
  3 goblin zombies (D:9)
  4 hobgoblin skeletons (D:9)
  2 hobgoblin zombies (D:9)
  2 leopard gecko skeletons
  An orc skeleton (D:9)
  14 orc zombies (D:9)
  A quokka zombie (D:7)
  8 rats
  2 briar patches (Swamp:4)
698 creatures vanquished.

Vanquished Creatures (collateral kills)
  A naga warrior (Snake:4)
  4 hydras
  A two-headed ogre (D:15)
  A naga sharpshooter (Snake:4)
  3 swamp dragons (Swamp:4)
  2 salamanders (Snake:4)
  2 naga magi (Snake:4)
  A black mamba (Lair:2)
  A cane toad (Swamp:4)
  A hippogriff (Lair:2)
  A centaur simulacrum (D:15)
  8 nagas (Snake:4)
  A swamp drake (Swamp:4)
  An ogre (D:15)
  An electric eel (Lair:2)
29 creatures vanquished.

Vanquished Creatures (others)
  A hydra (Swamp:4)
  A spriggan druid (Swamp:4)
  A naga (Snake:4)
  A briar patch (Swamp:4)
  9 fungi
  12 plants
25 creatures vanquished.

Grand Total: 752 creatures vanquished

Notes
Turn   | Place    | Note
-------+----------+-------------------------------------------
     0 | D:1      | Flugslaktarn the Deep Dwarf Fighter began the quest for the
                  | Orb.
     0 | D:1      | Reached XP level 1. HP: 20/20 MP: 1/1
   200 | D:2      | Reached XP level 2. HP: 17/27 MP: 2/2
   244 | D:3      | Reached skill level 3 in Axes
   244 | D:3      | Reached XP level 3. HP: 25/34 MP: 2/2
   295 | D:3      | Reached XP level 4. HP: 22/42 MP: 3/3
   497 | D:4      | Reached XP level 5. HP: 46/50 MP: 3/3
   711 | D:4      | Reached skill level 4 in Axes
   922 | D:4      | Noticed an ogre
   935 | D:4      | Killed an ogre
   935 | D:4      | Reached XP level 6. HP: 27/57 MP: 3/3
  1456 | D:5      | Entered Level 5 of the Dungeon
  1465 | D:5      | Found a blossoming altar of Fedhas.
  1973 | D:5      | Found a hazy altar of Hepliaklqana.
  2097 | D:6      | Reached skill level 5 in Axes
  2097 | D:6      | Reached XP level 7. HP: 40/63 MP: 4/4
  2117 | D:6      | Found a sparkling altar of Nemelex Xobeh.
  2167 | D:6      | Reached skill level 5 in Fighting
  2198 | D:6      | Reached skill level 5 in Shields
  2242 | D:6      | Reached skill level 6 in Axes
  2242 | D:6      | Reached skill level 5 in Armour
  2318 | D:6      | Reached XP level 8. HP: 52/75 MP: 4/4
  3018 | D:7      | Found a staircase to the Ecumenical Temple.
  3018 | D:7      | Noticed Pikel
  3041 | D:6      | Killed Pikel
  3041 | D:6      | Reached skill level 7 in Axes
  3078 | Temple   | Entered the Ecumenical Temple
  3226 | D:7      | Noticed a +0 dagger
  3226 | D:7      | Noticed a +0 hand axe
  3230 | D:7      | Found a hide-covered altar of Uskayaw.
  3246 | D:7      | Noticed Prince Ribbit
  3269 | D:7      | Killed Prince Ribbit
  3269 | D:7      | Gained mutation: You passively map the area around you.
                  | [Deep Dwarf growth]
  3269 | D:7      | Reached XP level 9. HP: 45/85 MP: 5/5
  3276 | D:7      | Reached skill level 8 in Axes
  3511 | D:7      | Found a basalt altar of Yredelemnul.
  3520 | D:7      | Found a glowing golden altar of the Shining One.
  3592 | D:7      | Found a sacrificial altar of Ru.
  3644 | D:7      | Noticed a troll
  3739 | D:8      | Noticed Grum
  3753 | D:8      | Killed Grum
  4004 | D:3      | Reached skill level 9 in Axes
  4026 | D:3      | Found an ornate altar of the Wu Jian Council.
  4436 | D:2      | Found an opulent altar of Gozag.
  4550 | D:2      | Found a stormy altar of Qazlal.
  5078 | D:8      | Noticed an orange crystal statue
  5195 | D:9      | Noticed a gargoyle
  5215 | D:9      | Killed a gargoyle
  5215 | D:9      | Reached XP level 10. HP: 35/96 MP: 4/4
  5271 | D:9      | Found a staircase to the Orcish Mines.
  5381 | D:9      | Reached skill level 10 in Axes
  5621 | D:9      | Found a staircase to the Lair.
  5706 | D:9      | Identified a scroll of acquirement
  5706 | D:9      | Acquired the +6 broad axe of the Sky {elec, Str+3 Int+3}
  5803 | D:9      | Found a burning altar of Makhleb.
  5813 | D:9      | Became a worshipper of Makhleb the Destroyer
  5947 | D:9      | Reached skill level 1 in Evocations
  6245 | D:10     | Entered Level 10 of the Dungeon
  6251 | D:10     | Reached skill level 1 in Invocations
  6269 | D:10     | Reached skill level 1 in Dodging
  6280 | D:10     | Reached XP level 11. HP: 66/106 MP: 5/5
  6320 | D:10     | Found a transporter.
  6320 | D:10     | Found a corrupted altar of Lugonu.
  6551 | D:10     | Found a transporter.
  6551 | D:10     | Noticed a green very ugly thing
  6553 | D:10     | Noticed a shining eye
  6557 | D:10     | Noticed a two-headed ogre
  6564 | D:10     | Killed a two-headed ogre
  6564 | D:10     | Reached skill level 11 in Axes
  6568 | D:10     | Reached * piety under Makhleb
  6585 | D:10     | Noticed Joseph
  6599 | D:10     | Killed Joseph
  6698 | D:10     | Noticed a queen ant
  6724 | D:11     | Noticed a two-headed ogre
  6733 | D:11     | Noticed an eight-headed hydra
  6739 | D:11     | Killed a two-headed ogre
  6745 | D:11     | Killed a nine-headed hydra
  6757 | D:11     | Reached skill level 10 in Fighting
  6855 | D:11     | Noticed a purple ugly thing
  6863 | D:11     | Reached ** piety under Makhleb
  6866 | D:11     | Killed a purple ugly thing
  6967 | D:11     | Noticed Psyche
  6976 | D:11     | Killed Psyche
  7138 | D:11     | Found Qoli's General Store.
  7266 | D:11     | Noticed a red ugly thing
  7267 | D:11     | Noticed a white ugly thing
  7273 | D:11     | Killed a white ugly thing
  7281 | D:11     | Killed a red ugly thing
  7425 | D:12     | Noticed a two-headed ogre
  7432 | D:12     | Killed a two-headed ogre
  7432 | D:12     | Reached skill level 12 in Axes
  7449 | D:12     | Reached XP level 12. HP: 117/117 MP: 6/6
  7517 | D:12     | Reached skill level 5 in Evocations
  7520 | D:12     | Reached skill level 5 in Invocations
  7957 | D:13     | Found Cikliffi's Jewellery Shop.
  7961 | D:13     | Reached *** piety under Makhleb
  7971 | D:13     | Noticed a two-headed ogre
  7978 | D:13     | Killed a two-headed ogre
  8115 | D:13     | Noticed Azrael
  8126 | D:13     | Killed Azrael
  8270 | D:13     | Noticed Kirke
  8273 | D:13     | Reached skill level 5 in Dodging
  8288 | D:13     | Killed Kirke
  8405 | D:13     | Noticed a centaur warrior
  8410 | D:13     | Killed a centaur warrior
  8647 | D:13     | Noticed Urug
  8658 | D:13     | Killed Urug
  8658 | D:13     | Reached skill level 13 in Axes
  8679 | D:13     | Noticed a centaur warrior
  8680 | D:13     | Noticed a two-headed ogre
  8686 | D:13     | Killed a centaur warrior
  8690 | D:13     | Killed a two-headed ogre
  8841 | D:14     | Noticed Nessos
  8853 | D:14     | Killed Nessos
  8853 | D:14     | Reached XP level 13. HP: 64/127 MP: 9/9
  8902 | D:14     | Reached **** piety under Makhleb
  8921 | D:14     | Reached skill level 10 in Armour
  8931 | D:14     | Found a gate to the Vaults.
  9017 | D:14     | Found a runed translucent door.
  9647 | D:15     | Entered Level 15 of the Dungeon
  9688 | D:15     | Found Cynymn's Book Emporium.
  9729 | D:15     | Found a gate leading to a gauntlet.
  9754 | Gauntlet | Entered a Gauntlet
  9754 | Gauntlet | Found a transporter.
  9754 | Gauntlet | Found a transporter.
  9755 | Gauntlet | Found a transporter.
  9758 | Gauntlet | Found a transporter.
  9758 | Gauntlet | Found a transporter.
  9758 | Gauntlet | Found a transporter.
  9772 | Gauntlet | Found a transporter.
  9782 | Gauntlet | Found a transporter.
  9811 | Gauntlet | Found a transporter.
  9885 | Gauntlet | Found a transporter.
  9887 | Gauntlet | Found a transporter.
  9897 | Gauntlet | Found a transporter.
 10134 | Gauntlet | Noticed a minotaur
 10151 | Gauntlet | Killed a minotaur
 10153 | Gauntlet | Identified Myasoufiff's Volume of Flames and Shape Shifting
 10155 | Gauntlet | Got a pair of transparent boots
 10218 | D:15     | Identified the cursed +0 pair of boots of True Grit {rC+}
                  | (You found it in a Gauntlet)
 10272 | D:15     | Found a portal to a secret trove of treasure.
 10285 | D:15     | Reached skill level 14 in Axes
 10510 | D:15     | Gained mutation: You resist negative energy. (rN+) [Deep
                  | Dwarf growth]
 10510 | D:15     | Reached XP level 14. HP: 105/139 MP: 9/9
 10559 | D:15     | Found a shadowy altar of Dithmenos.
 10628 | D:15     | Reached ***** piety under Makhleb
 10770 | D:15     | Found a staircase to the Depths.
 11016 | Lair:1   | Entered Level 1 of the Lair of Beasts
 11057 | Lair:1   | Found a frozen archway.
 11455 | Lair:2   | Found a staircase to the Snake Pit.
 12446 | Lair:3   | Found a staircase to the Swamp.
 12704 | Snake:1  | Entered Level 1 of the Snake Pit
 12790 | Snake:2  | Reached skill level 15 in Axes
 13016 | Snake:3  | Noticed a nagaraja
 13030 | Snake:3  | Killed a nagaraja
 13030 | Snake:3  | Reached skill level 10 in Evocations
 13033 | Snake:3  | Reached skill level 10 in Invocations
 13089 | Snake:3  | Found Ugoan's Magic Scroll Shoppe.
 13125 | Snake:3  | Reached ****** piety under Makhleb
 13169 | Snake:3  | Reached XP level 15. HP: 148/148 MP: 11/11
 13364 | Snake:3  | Identified Roxanne's Reference Book on Transmigration
 13364 | Snake:3  | Noticed Roxanne
 13640 | Snake:4  | Entered Level 4 of the Snake Pit
 13743 | Snake:4  | Noticed a nagaraja
 13754 | Snake:4  | Killed a nagaraja
 13808 | Snake:4  | Noticed a nagaraja
 13896 | Snake:4  | Killed a nagaraja
 13939 | Snake:4  | Noticed a nagaraja
 13946 | Snake:4  | Killed a nagaraja
 13998 | Snake:4  | Got a serpentine rune of Zot
 14234 | Swamp:1  | Entered Level 1 of the Swamp
 14328 | Swamp:1  | Reached skill level 16 in Axes
 14421 | Swamp:2  | You fall into a shaft and drop 1 floor!
 14561 | Swamp:4  | Entered Level 4 of the Swamp
 14663 | Swamp:4  | Noticed a thorn hunter
 14683 | Swamp:4  | Killed a thorn hunter
 14683 | Swamp:4  | Reached XP level 16. HP: 110/159 MP: 12/12
 14804 | Swamp:4  | Got a decaying rune of Zot
 14834 | Swamp:4  | Noticed a thorn hunter
 14861 | Swamp:4  | Killed a thorn hunter
 15135 | Depths:1 | Entered Level 1 of the Depths
 15165 | Depths:1 | Reached skill level 10 in Dodging
 15197 | Depths:1 | Found Ynitauf's Demolitions Depot.
 15247 | Depths:2 | Reached skill level 10 in Shields
 15276 | Depths:2 | Noticed Nikola
 15284 | Depths:2 | Killed from afar by Nikola

Illustrated notes

Levels and vault maps discovered:
D:1:      dpeg_arrival_water_fire, layout_basic, corner_web_ring
D:2:      layout_rooms, overflow_temple_1_default,
          nicolae_qazlal_general_emergency, kennysheep_vampire_church
D:3:      layout_rooms, marbit_many_paths
D:4:      layout_layer_cave
D:5:      layout_gridville, fedhas_altar_1, lemuel_doored_altar
D:6:      layout_gridville, nemelex_xobeh_ov_fountains_minmay
D:7:      layout_cave_pools, grunt_temple_overflow_holy_war,
          dancing_weapons_uskayaw, nicolae_ru_path_of_blood,
          minmay_temple_entry_statues_pillars, grunt_tough_drop, uniq_pikel,
          uniq_prince_ribbit1
D:8:      layout_basic, disabler_island, uniq_grum
D:9:      layout_loops_ring, makhleb_grotto_becter, david_lair_generic,
          zombieorc2_lemuel, columned_hall_lemuel
D:10:     gammafunk_corrupted_shrine, layout_cave_pools, uniq_joseph
D:11:     layout_basic, serial_shops, shop, hangedman_decor_opposing,
          uniq_psyche
D:12:     layout_loops_ring, drop_trap
D:13:     layout_stronghold, serial_shops,
          nicolae_shop_temple_entry_statues_fountains, uniq_azrael, uniq_urug,
          uniq_kirke
D:14:     gammafunk_mikee_crab_dinner, layout_irregular_city, david_vaults_4,
          nicolae_benzene_ring, minmay_holes, uniq_nessos
D:15:     grunt_enter_depths_magical_seal, layout_irregular_city, serial_shops,
          shop, enter_trove_1, gauntlet_entry_generic, grunt_dithmenos_smoke
Temple:   cyrus_temple_forest
Lair:1:   layout_chaotic_city, portal_ice_cave_rime,
          hellmonk_ghost_happy_afterlife, beast_lair_carwin_2
Lair:2:   layout_regular_city, guppyfry_snake_entry_island, serial_bayou_shore_a
Lair:3:   layout_roguey, swamp_mist_pool, serial_bayou_shore_b
Swamp:1:  layout_basic_swamp, nicolae_swamp_fairy_circle
Swamp:2:  layout_basic_swamp, serial_swamp_ruin, evilmike_swamp_ruin_house_5,
          evilmike_swamp_ruin_house_2
Swamp:3:  layout_basic_swamp, evilmike_swamp_ruin_rubble_2, swamp_pool5
Swamp:4:  swamp, layout_basic_swamp, uniq_bai_suzhen
Snake:1:  layout_chambers, serial_bayou_shore_b, uniq_aizul, uniq_rupert,
          uniq_asterion
Snake:2:  layout_basic
Snake:3:  layout_cave_town, serial_shops, shop, drop_trap, st_stairs_6,
          uniq_roxanne
Snake:4:  minmay_snake_end_coiled, layout_cave_town
Depths:1: layout_cave_pools, serial_co_window_serial, co_window_corner_a,
          co_window_paths_a, co_window_paths_b, co_window_corner_a,
          co_window_corner_a, co_window_paths_a, co_window_of_opportunity_a,
          co_window_cross_3, co_window_broadway_c, co_window_of_opportunity_b,
          co_window_paths_c, co_window_of_opportunity_b,
          co_window_unsneaky_path_e, co_window_4corner_b, glass_columns_c,
          glass_columns_a, glass_columns_a, glass_columns_c, glass_columns_a,
          serial_shops, bzr_entry_water, hell_entry, hangedman_decor_growths,
          nicolae_blasting_shop, st_stairs_9
Depths:2: hangedman_slaughterboxes, abyss_entry, hell_entry, uniq_nikola

Skill      XL: |  1  2  3  4  5  6  7  8  9 10 11 12 13 14 15 16 |
---------------+-------------------------------------------------+-----
Fighting       | 3 4 5 6 8 9 10 11 12 13 14 | 14.5
Axes           | 3 4 5 6 7 9 10 12 13 14 15 16 | 16.8
Shields        | 4 5 6 7 8 9 10 | 10.0
Armour         | 4 5 6 7 8 9 10 11 12 | 12.6
Evocations     | 2 4 6 8 10 11 | 11.0
Invocations    | 1 4 6 8 10 11 | 11.7
Dodging        | 1 4 5 7 8 9 10 | 10.1

Action                   |  1- 3 |  4- 6 |  7- 9 | 10-12 | 13-15 | 16-18 || total
-------------------------+-------+-------+-------+-------+-------+-------++-------
Melee: War axe           |    58 |   178 |   446 |   255 |       |       ||   937
       Broad axe         |       |       |       |   369 |   941 |   142 ||  1452
Invok: Lesser Servant of |       |       |       |       |     5 |       ||     5
       Greater Servant o |       |       |       |       |     4 |     1 ||     5
 Abil: Heal Wounds       |     1 |     3 |    12 |    16 |    11 |     1 ||    44
Evoke: Wand              |       |       |       |     4 |     9 |       ||    13
       Tin of tremorston |       |       |       |       |     1 |     3 ||     4
  Use: Scroll            |       |       |       |    26 |     7 |       ||    33
       Potion            |       |       |       |       |     1 |       ||     1
 Stab: Paralysed         |       |       |       |     2 |     1 |       ||     3
       Invisible         |       |       |       |       |     2 |       ||     2
       Distracted        |       |       |       |       |     2 |       ||     2
Armor: Scale mail        |    32 |    37 |       |       |       |       ||    69
       Plate armour      |       |    68 |   290 |   310 |   498 |    94 ||  1260
Dodge: Dodged            |    28 |    30 |    76 |   136 |   588 |   106 ||   964
Block: Kite shield       |    39 |   122 |   258 |   416 |   992 |   152 ||  1979
       Reflection        |       |       |       |    19 |    74 |     2 ||    95

Table legend: (Time is in decaauts)
 A = Elapsed time spent in this place.
 B = Non-inter-level travel time spent in this place.
 C = Inter-level travel time spent in this place.
 D = Time resting spent in this place.
 E = Time spent auto-exploring this place.
 F = Levels seen in this place.
 G = Mean time per level.
                   A        B        C        D        E       F      G
               +--------+--------+--------+--------+--------+-----+--------+
         Total |  15490 |  13882 |   1608 |      0 |   9563 |  30 |  516.3 |
       Dungeon |  10900 |   9909 |    991 |      0 |   7039 |  15 |  726.7 |
        Temple |     82 |     58 |     24 |      0 |     57 |   1 |   82.0 |
          Lair |   1829 |   1581 |    248 |      0 |   1282 |   3 |  609.7 |
         Swamp |    715 |    561 |    154 |      0 |    250 |   4 |  178.8 |
     Snake Pit |   1417 |   1238 |    179 |      0 |    716 |   4 |  354.2 |
        Depths |    127 |    117 |     10 |      0 |     49 |   2 |   63.5 |
      Gauntlet |    417 |    417 |      0 |      0 |    169 |   1 |  417.0 |
               +--------+--------+--------+--------+--------+-----+--------+

Top non-repeatable levels by time:
     D:9: 1116 daAuts
     D:4: 1112 daAuts
     D:6: 1042 daAuts
    D:13: 915 daAuts
    D:14: 904 daAuts
    D:15: 882 daAuts
  Lair:2: 859 daAuts
  Lair:3: 700 daAuts
 Snake:3: 698 daAuts
    D:11: 691 daAuts
     D:7: 689 daAuts
     D:5: 673 daAuts
    D:12: 597 daAuts
     D:8: 571 daAuts
     D:3: 566 daAuts
